AoeStats
← __As_Sgto_Cabral_Arg

Four Lakes

509457113Analyzed
1v1 RM · 4d ago on Sep 26, 2026· 45m 41s· 2 players
Game mode
Random Map
Map size
Tiny (2 player)
Population
200
Speed
Normal
Resources
Standard
Victory
Conquest
Starting age
Dark Age
Ending age
Imperial Age
RankedLock teamsTeams togetherTeam positionsShared explorationLock speedFull tech treeHidden civsTurbo modeCheats
Victory
Defeat
🇦🇷 Dravidians · Argentina
748
+15
🇦🇲 Georgians · Armenia
716
-15
Grunch
12:12 Feudal Age
13:36 Wheelbarrow
12:50 Double-Bit Axe
13:31 Gold Mining
13:52 Horse Collar
18:05 Fishing Lines
19:52 Fletching
22:59 Castle Age
24:12 Hand Cart
26:51 Squires
26:37 Gambesons
26:59 Gillnets
27:20 Medium Warships
28:44 Heavy Plow
28:20 Pikeman
31:18 Scale Mail Armor
31:31 Forging
31:25 Town Watch
31:25 Loom
32:21 Bow Saw
32:04 Arson
32:59 Town Patrol
34:53 Chain Mail Armor
35:13 Iron Casting
34:34 Bodkin Arrow
35:30 Stone Mining
43:06 Imperial Age
42:22 Svan Towers
__As_Sgto_Cabral_Arg
0:50 Loom
11:25 Feudal Age
11:52 Double-Bit Axe
15:53 Gold Mining
18:06 Castle Age
18:50 Forging
18:41 Padded Archer Armor
18:55 Pikeman
23:47 Squires
26:19 Fletching
36:01 Bow Saw
41:36 Imperial Age
39:45 Wheelbarrow
38:58 Town Watch
41:37 Masonry
41:25 Murder Holes
42:12 Hand Cart
43:09 Bodkin Arrow
43:57 Scale Barding Armor
44:50 Conscription
Connection lost

Rejoining the realm…

Still unreachable

The connection could not be restored.

Session expired

The server has moved on; the page needs a fresh start.